 Dungeon Crawl Stone Soup version 0.26.1-11-gd32895ea62 (webtiles) character file.

Game seed: 16173254136541727009

193 miket3c the Shield-Bearer (level 5, -10/33 HPs)
             Began as a Gargoyle Fighter on Apr 24, 2021.
             Killed by divine providence
             ... invoked by an orc priest
              (12 damage)
             ... on level 3 of the Dungeon on June 3, 2021.
             The game lasted 00:21:56 (4361 turns).

miket3c the Shield-Bearer (Gargoyle Fighter)        Turns: 4361, Time: 00:21:56

Health: -10/33     AC: 15    Str: 21    XL:     5   Next: 72%
Magic:  5/5        EV:  5    Int:  8    God:
Gold:   211        SH:  0    Dex:  9    Spells: 4/4 levels left

rFire    . . .     SeeInvis .   a - +0 war axe
rCold    + . .     Faith    .   c - +0 kite shield
rNeg     + . .     Spirit   .   k - +0 chain mail
rPois    ∞         Reflect  .   n - +0 helmet
rElec    +         Harm     .   (no cloak)
rCorr    .         Rampage  .   (no gloves)
Will     +....                  o - +0 pair of boots
Stlth    ..........             (no amulet)
HPRegen  0.11/turn              f - ring of protection from cold
MPRegen  0.09/turn              q - ring of willpower

@: confused
A: negative energy resistance 1, electricity resistance, unbreathing,
petrification resistance, miasma immunity, AC +4
a: no special abilities


You were on level 3 of the Dungeon.
You visited 1 branch of the dungeon, and saw 3 of its levels.

You collected 211 gold pieces.

Inventory:

Hand Weapons
 a - a +0 war axe (weapon)
 B - a +0 dagger
Missiles
 u - 5 poisoned darts (quivered)
 A - 7 boomerangs
Armour
 b - a +0 scale mail
 c - a +0 kite shield (worn)
 k - a +0 chain mail (worn)
 n - a +0 helmet (worn)
 o - a +0 pair of boots (worn)
Jewellery
 e - a cursed -4 ring of strength
 f - a ring of protection from cold (left hand)
 q - a ring of willpower (right hand)
 w - an uncursed ring of flight {unknown}
Scrolls
 g - a scroll of enchant armour {unknown}
 i - 3 scrolls of teleportation
 j - a scroll of enchant weapon {unknown}
 l - 3 scrolls of fog
 m - a scroll of noise
 t - a scroll of immolation {unknown}
 x - a scroll of amnesia {unknown}
 y - a scroll of blinking {unknown}
 z - a scroll of magic mapping {unknown}
Potions
 d - a potion of might
 h - a potion of lignification {unknown}
 p - a potion of magic {unknown}
 r - a potion of attraction {unknown}
 s - a potion of invisibility {unknown}
 v - a potion of cancellation {unknown}


   Skills:
 + Level 3.8 Fighting
 * Level 4.0 Axes
 + Level 3.8 Armour
 + Level 0.2 Dodging
 + Level 0.1 Stealth
 + Level 4.2 Shields


You had 4 spell levels left.
You didn't know any spells.
Your spell library was empty.

Dungeon Overview and Level Annotations

Branches:
Dungeon (3/15)

Altars:
Fedhas
Nemelex Xobeh


Innate Abilities, Weirdness & Mutations

You are resistant to torment.
Your stone body is resilient. (AC +4)
You are immune to poison.
You resist negative energy. (rN+)
You are resistant to electric shocks. (rElec)
You can survive without breathing.
You are immune to petrification.
You are immune to miasma.


Message History

An orc comes into view. It is wielding a -3 flail.
There is an open door here.
A goblin comes into view.
The goblin shouts!
The orc wizard points at itself and mumbles some strange words.
The orc wizard flickers and vanishes!
Deactivating autopickup; reactivate with Ctrl-A.
A puff of flame appears from out of thin air!
The puff of flame hits you.
You are confused.
You see here 27 bolts.
The orc priest calls down the wrath of Beogh upon you.
Beogh smites you!
* * * LOW HITPOINT WARNING * * *
You're too confused to move!
The goblin hits you but does no damage.
You miss the goblin. The goblin hits you.
* * * LOW HITPOINT WARNING * * *
The orc priest calls down the wrath of Beogh upon you.
Beogh smites you!
You die...

#...##.# ###.#########.####
######.######.............#
#........#.###########
##########.# #.# #.# #.#
#####.## #..).@.#
#######.###g.##
######..........(..#
.......#.#...#.....#
######.#.#...#.....# #
####.#.#......o..#.# #
#......#..##.......# #
#)##.###..####.#.### #
#.##.# #..# #.#.#


You could see an orc priest and a goblin.

Vanquished Creatures
  2 orc priests (D:3)
  2 adders (D:2)
  4 gnolls
  A worm (D:3)
  A leopard gecko (D:2)
  10 orcs (D:3)
  4 giant cockroaches
  5 goblins
  9 hobgoblins
  2 jackals (D:1)
  A ball python (D:1)
  6 bats
  5 frilled lizards
  8 kobolds
  6 rats
66 creatures vanquished.

Notes
Turn   | Place    | Note
-------+----------+-------------------------------------------
     0 | D:1      | miket3c the Gargoyle Fighter began the quest for the Orb.
     0 | D:1      | Reached XP level 1. HP: 14/14 MP: 1/1
   350 | D:1      | Reached XP level 2. HP: 19/19 MP: 2/2
   614 | D:1      | Found a sparkling altar of Nemelex Xobeh.
   860 | D:1      | Reached XP level 3. HP: 15/23 MP: 3/3
  1214 | D:2      | Found a blossoming altar of Fedhas.
  1636 | D:2      | Reached XP level 4. HP: 28/28 MP: 4/4
  3275 | D:3      | Reached XP level 5. HP: 33/33 MP: 5/5
  4361 | D:3      | Killed from afar by an orc priest

Illustrated notes

Levels and vault maps discovered:
D:1:      elethiomel_arrival_maze, layout_basic, fountainhead,
          chequers_serial_rivers_micro_c, nemelex_altar_shiori
D:2:      layout_loops_ring, fedhas_ov_isle_minmay
D:3:      layout_loops_corners

Skill      XL: |  1  2  3  4  5 |
---------------+----------------+-----
Axes           | 2 3 4 |  4.0
Shields        | 4 |  4.2
Fighting       | |  3.8
Armour         | |  3.8
Dodging        | |  0.2
Stealth        | |  0.1

Action                   |  1- 3 |  4- 6 || total
-------------------------+-------+-------++-------
Melee: War axe           |   108 |   110 ||   218
  Use: Scroll            |       |     6 ||     6
Armor: Scale mail        |    68 |    47 ||   115
       Chain mail        |       |     3 ||     3
Dodge: Dodged            |    38 |    36 ||    74
Block: Kite shield       |    70 |    56 ||   126
